 Dungeon Crawl Stone Soup version 0.20-a0-494-gf50ee04 (webtiles) character file.

51 Duffy the Shield-Bearer (level 3, -5/34 HPs)
             Began as a Naga Fighter on Jan 18, 2017.
             Killed by nerve-wracking pain
             ... invoked by Jessica
              (6 damage)
             ... on level 2 of the Dungeon.
             The game lasted 00:01:58 (1594 turns).

Duffy the Shield-Bearer (Naga Fighter)              Turns: 1594, Time: 00:01:59

Health: -5/34      AC:  4    Str: 19    XL:     3   Next: 81%
Magic:  3/3        EV:  5    Int:  8    God:
Gold:   34         SH: 10    Dex: 10    Spells: 2/2 levels left

rFire    . . .     SeeInvis +   a - +1 war axe
rCold    . . .     Gourm    .   b - +0 scale mail
rNeg     . . .     Faith    .   c - +1 shield
rPois    +         Spirit   .   (no helmet)
rElec    .         Reflect  .   (no cloak)
rCorr    .         Harm     .   (no gloves)
MR       .....     Rnd*Tele +   (no barding)
Stlth    ..........             (no amulet)
Regen    0.2/turn               (no ring)
                                o - ring of teleportation (curse)

@: short of breath, very slow
A: see invisible, deformed body, poison resistance, slowness 2, slow metabolism
1, spit poison 1, AC +1
a: Spit Poison


You were on level 2 of the Dungeon.
You were not hungry.

You visited 1 branch of the dungeon, and saw 2 of its levels.

You collected 34 gold pieces.

Inventory:

Hand Weapons
 a - a +1 war axe (weapon)
Armour
 b - a +0 scale mail (worn)
 c - a +1 shield (worn)
Jewellery
 o - a cursed ring of teleportation (left hand)
Potions
 d - a potion of might
 h - a potion of heal wounds {unknown}
 j - a potion of mutation {unknown}
Comestibles
 f - 2 bread rations
 g - 3 fruits
 i - 3 meat rations
 k - a chunk of flesh


   Skills:
 - Level 3.0 Fighting
 + Level 3.0 Axes
 - Level 2.4 Armour
 + Level 3.3 Shields


You had 2 spell levels left.
You didn't know any spells.

Dungeon Overview and Level Annotations

Branches:
Dungeon (2/15)

Altars:

Annotations:
D:2 Jessica


Innate Abilities, Weirdness & Mutations

You cannot wear boots.
Your serpentine skin is tough. (AC +1)
You have supernaturally acute eyesight. (SInv)
Armour fits poorly on your strangely shaped body.
Your system is resistant to poisons. (rPois)
You cover ground very slowly.
You have a slow metabolism.
You can spit poison.


Message History

Jessica shouts!
The leopard gecko hisses angrily.
Press: ? - help, Shift-Dir - straight line, f - dart slug
Aim: a dart slug (clinging)
The splash of poison hits the dart slug.
The dart slug is almost dead.
You feel slightly more hungry. The dart slug bites you.
You block the leopard gecko's attack.
You have got your breath back.
The leopard gecko bites you. You block Jessica's attack.
The dart slug bites you.
The leopard gecko bites you but does no damage.
Press: ? - help, Shift-Dir - straight line, f - Jessica
Aim: Jessica, wielding a dagger and wearing a robe The splash of poison misses Jessica.
You feel slightly more hungry.
The leopard gecko bites you but does no damage.
You block Jessica's attack. You block the leopard gecko's attack.
The leopard gecko bites you.
Jessica points at you and mumbles some strange words.
Pain shoots through your body!
You die...

#####..#
#.....w#
#.###.##
######+###.#
#........w.#
#......w####
#.....w.#
#....@lw#
#.....@.#
#.......#
#.......#
#.......#
#########


You could see 2 worms, a dart slug, Jessica and a leopard gecko.

Vanquished Creatures
  An adder (D:2)
  4 dart slugs (D:1)
  A leopard gecko (D:1)
  A bat (D:1)
  2 giant cockroaches (D:1)
  5 goblins
  3 hobgoblins (D:1)
  5 jackals (D:1)
  2 kobolds (D:1)
  A ball python (D:1)
  A frilled lizard (D:1)
  4 rats (D:1)
30 creatures vanquished.

Notes
Turn   | Place    | Note
-------+----------+-------------------------------------------
     0 | D:1      | Duffy the Naga Fighter began the quest for the Orb.
     0 | D:1      | Reached XP level 1. HP: 21/21 MP: 1/1
   427 | D:1      | Reached XP level 2. HP: 28/28 MP: 2/2
  1000 | D:1      | Reached XP level 3. HP: 33/34 MP: 3/3
  1588 | D:2      | Noticed Jessica
  1591 | D:2      | HP: 1/34 [dart slug (1)]
  1594 | D:2      | Killed from afar by Jessica

Vault maps used:
D:1:      wheals_arrival_shading, serial_co_window_serial, co_window_paths_b,
          co_window_paths_a, co_window_paths_a, co_window_paths_a,
          co_window_cross_1, co_window_cross_1, co_window_paths_b,
          co_window_cross_2, co_window_2corner, co_window_of_opportunity_b,
          co_window_sun, glass_columns_a, glass_columns_c, glass_columns_b,
          glass_columns_b
D:2:      first_bread, minmay_crystal_water, grunt_decor_one_mirror,
          minmay_misc_feat_iff, uniq_jessica

Skill      XL: |  1  2  3 |
---------------+----------+-----
Shields        | 3 |  3.3
Axes           | 3 |  3.0
Fighting       | |  3.0
Armour         | |  2.4

Action                   || total
-------------------------++-------
Melee: War axe           ||    80
 Abil: Spit Poison       ||    19
  Use: Scroll            ||     5
  Eat: Chunk             ||     2
Armor: Scale mail        ||    42
Dodge: Dodged            ||    24
Block: Shield            ||    60
